 Dungeon Crawl Stone Soup version 0.21.1-1-g345015f (webtiles) character file.

7 tidbits the Grave Robber (level 2, 11/19 HPs)
             Began as a Gnoll Necromancer on June 20, 2018.
             Quit the game on level 2 of the Dungeon.
             The game lasted 00:01:34 (134 turns).

tidbits the Grave Robber (Gnoll Necromancer)         Turns: 134, Time: 00:01:34

Health: 11/19      AC:  2    Str: 10    XL:     2   Next: 4%
Magic:  2/7        EV: 14    Int: 17    God:
Gold:   34         SH:  0    Dex: 15    Spells: 9/10 levels left

rFire    . . .     SeeInvis .   a - +0 short sword (vamp)
rCold    . . .     Gourm    .   (no shield)
rNeg     . . .     Faith    .   f - +0 robe
rPois    .         Spirit   .   (no helmet)
rElec    .         Reflect  .   (no cloak)
rCorr    .         Harm     .   (no gloves)
MR       .....                  (no boots)
Stlth    +++.......             j - amulet of inaccuracy (curse)
HPRegen  0.06/turn              (no ring)
MPRegen  0.10/turn              (no ring)

@: no status effects
A: distributed training, fangs 1, strong nose
a: no special abilities


You were on level 2 of the Dungeon.
You were not hungry.

You visited 1 branch of the dungeon, and saw 3 of its levels.

You collected 34 gold pieces.

Inventory:

Hand Weapons
 a - a +0 vampiric short sword (weapon)
   (You took it off a kobold on level 2 of the Dungeon)
Missiles
 e - 3 curare-tipped needles
Armour
 f - a +0 robe (worn)
Jewellery
 j - a cursed amulet of inaccuracy (around neck)
   (You found it on level 2 of the Dungeon)
Scrolls
 i - a scroll of noise
Potions
 g - a potion of flight {unknown}
 h - a potion of haste {unknown}
Books
 b - a book of Necromancy

   Spells                             Type                      Level
   a - Pain                           Necromancy                   1
   b - Animate Skeleton               Necromancy                   1
   c - Vampiric Draining              Necromancy                   3
   d - Regeneration                   Charms/Necromancy            3
   e - Animate Dead                   Necromancy                   4
   f - Borgnjor's Vile Clutch         Necromancy/Earth             5
Comestibles
 c - a ration


   Skills:
 + Level 0.2 Fighting
 + Level 0.2 Short Blades
 + Level 0.2 Long Blades
 + Level 0.2 Axes
 + Level 0.2 Maces & Flails
 + Level 0.2 Polearms
 + Level 0.2 Staves
 + Level 0.2 Slings
 + Level 0.2 Bows
 + Level 0.2 Crossbows
 + Level 0.2 Throwing
 + Level 0.2 Armour
 + Level 4.4 Dodging
 + Level 4.0 Stealth
 + Level 0.2 Shields
 + Level 0.2 Unarmed Combat
 + Level 4.9 Spellcasting
 + Level 0.1 Conjurations
 + Level 0.1 Hexes
 + Level 0.1 Charms
 + Level 0.1 Summonings
 + Level 7.0 Necromancy
 + Level 0.1 Translocations
 + Level 0.1 Transmutations
 + Level 0.1 Fire Magic
 + Level 0.1 Ice Magic
 + Level 0.1 Air Magic
 + Level 0.1 Earth Magic
 + Level 0.1 Poison Magic
 + Level 0.3 Invocations
 + Level 0.2 Evocations


You had 9 spell levels left.
You knew the following spells:

 Your Spells              Type           Power        Failure   Level  Hunger
a - Pain                  Necr           ####         1%          1    None


Dungeon Overview and Level Annotations

Branches:
Dungeon (3/15)

Altars:
Nemelex Xobeh


Innate Abilities, Weirdness & Mutations

Your experience applies equally to all skills.
You have very sharp teeth.
Your uncanny sense of smell can sniff out nearby items.


Message History

Found a stone staircase leading up.
You see here a ration.
c - 2 rations (gained 1)
Found a fuming clear potion.
There is a stone staircase leading up here.
You see here a fuming clear potion.
h - a fuming clear potion
There is a stone staircase leading up here.
You climb upwards.
A dart slug comes into view.
Found three items.
Found a stone staircase leading down.
There is a stone staircase leading down here.
An adder comes into view.
You see here a scroll labeled PARO FIKHLISET.
i - a scroll labeled PARO FIKHLISET A rat comes into view.
Casting: Pain
Confirm with . or Enter, or press ? or * to list all spells.
Aiming: Pain
Press: ? - help, Shift-Dir - straight line, f - dart slug
Aim: a dart slug (resting, chance to defeat MR: 93%)
The dart slug writhes in agony!
The rat moves out of view.
Casting: Pain
Confirm with . or Enter, or press ? or * to list all spells.
Aiming: Pain
Press: ? - help, Shift-Dir - straight line, f/p - dart slug
Aim: a dart slug (severely wounded, chance to defeat MR: 93%)
The dart slug writhes in agony!
You kill the dart slug!
A dart slug comes into view.
You see here 10 gold pieces.
You now have 34 gold pieces (gained 10).
There is a stone staircase leading down here.
Casting: Pain
Confirm with . or Enter, or press ? or * to list all spells.
Aiming: Pain
Press: ? - help, Shift-Dir - straight line, f - rat
Aim: a rat (chance to defeat MR: 93%)
The rat writhes in agony!
You kill the rat!
Casting: Pain
Confirm with . or Enter, or press ? or * to list all spells.
Aiming: Pain
Press: ? - help, Shift-Dir - straight line, f - dart slug
Aim: a dart slug (resting, chance to defeat MR: 93%)
The dart slug writhes in agony!
The dart slug launches a dart at you. The slug dart misses you.
Casting: Pain
Confirm with . or Enter, or press ? or * to list all spells.
Aiming: Pain
Press: ? - help, Shift-Dir - straight line, f/p - dart slug
Aim: a dart slug (moderately wounded, chance to defeat MR: 93%)
The dart slug writhes in agony!
Casting: Pain
Confirm with . or Enter, or press ? or * to list all spells.
Aiming: Pain
Press: ? - help, Shift-Dir - straight line, f/p - dart slug
Aim: a dart slug (severely wounded, chance to defeat MR: 93%)
The dart slug writhes in agony!
Casting: Pain
Confirm with . or Enter, or press ? or * to list all spells.
Aiming: Pain
Press: ? - help, Shift-Dir - straight line, f/p - dart slug
Aim: a dart slug (almost dead, chance to defeat MR: 93%)
The dart slug writhes in agony!
You kill the dart slug!
You have reached level 2!
There is a stone staircase leading down here.
You eat one of the 2 rations.
That ration really hit the spot!
Wield which item (- for none, * to show all)? (? for menu, Esc to quit)
Really wield
f - a vampiric short sword?
You feel a dreadful hunger.
f - a +0 vampiric short sword (weapon)
Adjust (i)tems, (s)pells, or (a)bilities?
Adjust which item? (? for menu, Esc to quit)
f - a +0 vampiric short sword (weapon)
Adjust to which letter? (? for menu, Esc to quit)
a - a +0 vampiric short sword (weapon);
f - a +0 robe (worn)
You climb downwards.
There is a stone staircase leading up here.
Unknown command.
You climb upwards.
There is a stone staircase leading down here.
Unknown command.
Found 22 arrows.
The adder hisses angrily.
You see here a glowing platinum amulet.
j - a glowing platinum amulet A quokka and a giant cockroach come into view.
Put on which piece of jewellery? (? for menu, Esc to quit)
Oops, that amulet feels deathly cold.
j - a cursed amulet of inaccuracy (around neck)
As you read the scroll labeled FIM ZATOEGE, it crumbles to dust.
It is a scroll of identify.
i - a scroll of noise The giant cockroach moves out of view.
Okay, then.
Are you sure you want to abandon this character and quit the game? (Confirm with "yes".)

....... ..#. ... ..
....... ..#....... .
....... #...#..r...
....... #.......#.# #
....†..####.##s..#.#(##
...............#......#
.......###.....S....#.
.........>.....@.#....
#####.#................
#......>.......##....
#..##.#.......#### ..#
##.. #............... #
##.###..##.........##
##..............#..#
#...###.......###....
..####......### ....#


You could see an adder, a quokka (wandering) and a giant cockroach.

Vanquished Creatures
  2 dart slugs (D:2)
  A kobold (D:2)
  2 rats (D:2)
5 creatures vanquished.

Notes
Turn   | Place    | Note
-------+----------+-------------------------------------------
     0 | D:1      | tidbits the Gnoll Necromancer began the quest for the Orb.
     0 | D:1      | Reached XP level 1. HP: 13/13 MP: 6/6
    60 | D:3      | Found a sparkling altar of Nemelex Xobeh.
   116 | D:2      | Reached XP level 2. HP: 11/19 MP: 0/7
   134 | D:2      | Quit the game

Action                   || total
-------------------------++-------
 Cast: Pain              ||    10
  Use: Scroll            ||     1
  Eat: Ration            ||     1
Dodge: Dodged            ||     1

Table legend:
 A = Turns spent in this place as a percentage of turns spent in the entire game.
 B = Non-inter-level travel turns spent in this place as a percentage of non-inter-level travel turns spent in the entire game.
 C = Inter-level travel turns spent in this place as a percentage of turns spent in this place.
 D = Turns resting spent in this place as a percentage of non-inter-level travel turns spent in this place.
 E = Turns spent auto-exploring this place as a percentage of non-inter-level travel turns spent in this place.
 F = Non-inter-level travel turns spent in this place divided by the number of levels of this place that you've seen.
                   A       B       C       D       E      F
               +-------+-------+-------+-------+-------+----------------------
         Total | 100.0 | 100.0 |   0.0 |   0.0 |   0.0 |  44.7
       Dungeon | 100.0 | 100.0 |   0.0 |   0.0 |   0.0 |  44.7
               +-------+-------+-------+-------+-------+----------------------

Table legend:
 A = Kills in this place as a percentage of kills in entire the game.
 B = Kills by you in this place as a percentage of kills by you in the entire game.
 C = Kills by friends in this place as a percentage of kills by friends in the entire game.
 D = Other kills in this place as a percentage of other kills in the entire game.
 E = Experience gained in this place as a percentage of experience gained in the entire game.
 F = Experience gained in this place divided by the number of levels of this place that you have seen.
                   A       B       C       D       E      F
               +-------+-------+-------+-------+-------+----------------------
         Total | 100.0 | 100.0 |   N/A |   N/A | 100.0 |   3.7
       Dungeon | 100.0 | 100.0 |   N/A |   N/A | 100.0 |   3.7
               +-------+-------+-------+-------+-------+----------------------

Vault maps used:
D:1:      elethiomel_arrival_infinity_welcomes_careful_drivers,
          minmay_misc_feat_nine_boxes, minivault_19
D:2:      lightli_temple_of_fire, kennysheep_big_empty_room,
          hangedman_decor_clover_reticule, uniq_jessica
D:3:      nemelex_xobeh_ov_fountains_minmay, lemuel_round_altar, first_ration,
          serial_co_window_serial, co_window_paths_a, co_window_paths_a,
          co_window_paths_a, co_window_corner_a, co_window_paths_a,
          co_window_cross_2, co_window_cross_3, co_window_broadway_a,
          co_window_4corner_b, co_window_paths_e, glass_columns_a,
          glass_columns_b, glass_columns_c, glass_columns_c, glass_columns_b,
          kennysheep_nub
